 Dungeon Crawl Stone Soup version 0.21.0-3-g78d12a8 (webtiles) character file.

5013 myopia the Slinger (level 10, -3/74 HPs)
             Began as a Halfling Hunter on Jan 13, 2018.
             Was a Priest of Okawaru.
             Slain by a komodo dragon (24 damage)
             ... on level 8 of the Dungeon.
             The game lasted 00:23:25 (7341 turns).

myopia the Slinger (Halfling Hunter)                Turns: 7341, Time: 00:23:25

Health: -3/74      AC: 10    Str: 13    XL:     10   Next: 84%
Magic:  14/15      EV: 24    Int:  9    God:    Okawaru [***...]
Gold:   201        SH:  3    Dex: 24    Spells: 9/9 levels left

rFire    + . .     SeeInvis .   H - +1 hunting sling (freeze)
rCold    . . .     Gourm    .   (shield restricted)
rNeg     . . .     Faith    .   L - +1 ring mail {rF+}
rPois    .         Spirit   .   k - +0 helmet
rElec    .         Reflect  +   (no cloak)
rCorr    .         Harm     .   (no gloves)
MR       .....     Rnd*Tele +   O - +1 pair of boots
Stlth    +++++.....             r - +3 amulet of reflection
HPRegen  0.22/turn              q - ring of stealth
MPRegen  0.14/turn              u - ring of teleportation (curse)

@: agile, heroism
A: small, mutation resistance 1
a: Heroism, Renounce Religion


You were on level 8 of the Dungeon.
You worshipped Okawaru.
Okawaru was most pleased with you.
You were not hungry.

You visited 2 branches of the dungeon, and saw 9 of its levels.

You collected 453 gold pieces.
You spent 252 gold pieces at shops.

Inventory:

Hand Weapons
 a - a +1 hunting sling
 b - a +0 short sword
 n - a cursed -2 short sword
 o - a +0 quarterstaff of protection
 H - a +1 hunting sling of freezing (weapon)
Missiles
 h - 191 stones (quivered)
Armour
 c - a +0 leather armour
 k - a +0 helmet (worn)
 x - a +0 pair of boots
 L - a +1 ring mail of fire resistance (worn)
 O - a +1 pair of boots (worn)
Magical Staves
 F - a cursed staff of air {unknown}
Jewellery
 p - an uncursed ring of positive energy
 q - a ring of stealth (left hand)
 r - a +3 amulet of reflection (around neck)
 u - a cursed ring of teleportation (right hand)
 K - an uncursed amulet of harm {unknown}
Wands
 d - a wand of enslavement (4)
 v - a wand of flame (31)
 J - a wand of iceblast (11)
 M - a wand of acid (10)
Scrolls
 i - 2 scrolls of fog
 l - 3 scrolls of teleportation
 m - a scroll of blinking
 s - 2 scrolls of immolation
 w - 2 scrolls of fear
 y - 6 scrolls of identify
 G - a scroll of enchant weapon
Potions
 e - 3 potions of might
 g - 3 potions of heal wounds
 j - a potion of resistance
 t - 2 potions of ambrosia {unknown}
 z - 3 potions of flight {unknown}
 A - a potion of cancellation {unknown}
 B - a potion of magic {unknown}
 D - a potion of lignification
 E - 3 potions of curing
 I - a potion of haste
Comestibles
 f - 12 rations
 N - a chunk of flesh


   Skills:
 - Level 9.0(14.0) Fighting
 - Level 14.0(19.0) Slings
 - Level 2.1(7.1) Dodging
 - Level 1.1(6.1) Stealth
 + Level 7.8 Invocations


You had 9 spell levels left.
You didn't know any spells.

Dungeon Overview and Level Annotations

Branches:
Dungeon (8/15)             Temple (1/1) D:6
   Lair: D:8-11

Altars:
Ashenzari
Elyvilon
Gozag
Hepliaklqana
Makhleb
Nemelex Xobeh
Okawaru
Qazlal
Ru
Sif Muna
Trog
Vehumet
Wu Jian
Xom
Zin
The Shining One

Shops:
D:6 ![(=


Innate Abilities, Weirdness & Mutations

You are small and have problems with some larger weapons.
You are somewhat resistant to further mutation.


Message History

Press: ? - help, Shift-Dir - straight line, f/p - komodo dragon
Aim: a komodo dragon (heavily wounded, slow)
You shoot a stone.
The stone closely misses the komodo dragon.
Firing (i - inventory):
h - 193 stones (quivered)
Press: ? - help, Shift-Dir - straight line, f/p - komodo dragon
Aim: a komodo dragon (heavily wounded, slow)
You shoot a stone.
The stone barely misses the komodo dragon.
The komodo dragon is no longer moving slowly.
Firing (i - inventory):
h - 192 stones (quivered)
Press: ? - help, Shift-Dir - straight line, f/p - komodo dragon
Aim: a komodo dragon (heavily wounded)
You shoot a stone.
The stone barely misses the komodo dragon.
The komodo dragon bites you!
* * * LOW HITPOINT WARNING * * *
You feel agile all of a sudden. The komodo dragon bites you!!
You die...

.....##########.##.#.#
###...........(...)#.##
##.########..)....#.#
### ########.## ### ..#
##########
#.((###(..l@...##
#((.#######..# #.####
##.# #.# #.# ######
########.# #....#
#.....##.#
####....#########....#
...........# #.####


You could see a komodo dragon.

Vanquished Creatures
  A hydra (D:8)
  The ghost of melvinkitnick the Poker, an amateur CeFi of Ru (D:4)
  Grinder (D:4)
  2 hippogriffs (D:7)
  A spriggan (D:8)
  The ghost of feelmyfire the Chopper, an amateur HOSk of Makhleb (D:3)
  A hungry ghost (D:8)
  Menkaure (D:5)
  3 ice beasts
  2 orc warriors
  2 sky beasts
  A black bear (D:7)
  5 ogres
  A phantom (D:6)
  3 centaurs
  A big kobold (D:7)
  3 bullfrogs
  Blork the orc (D:4)
  5 killer bees (D:8)
  3 crimson imps
  2 bullfrog zombies
  A bullfrog skeleton (D:7)
  A gnoll shaman (D:5)
  4 hounds
  An orc priest (D:7)
  5 orc wizards
  An iguana (D:4)
  Ijyb (D:4)
  4 worker ants
  2 hound skeletons
  A howler monkey skeleton (D:8)
  3 gnolls (D:5)
  9 adders
  A worm (D:3)
  2 dart slugs (D:1)
  4 leopard geckos
  25 orcs
  2 ball pythons
  7 bats
  7 giant cockroaches
  6 goblins
  8 hobgoblins
  13 jackals
  4 quokkas
  5 frilled lizards
  19 kobolds
  A leopard gecko skeleton (D:5)
  4 rats
182 creatures vanquished.

Notes
Turn   | Place    | Note
-------+----------+-------------------------------------------
     0 | D:1      | myopia the Halfling Hunter began the quest for the Orb.
     0 | D:1      | Reached XP level 1. HP: 14/14 MP: 1/1
    14 | D:1      | Reached skill level 6 in Slings
    83 | D:1      | Reached XP level 2. HP: 19/19 MP: 2/2
   388 | D:1      | Reached skill level 7 in Slings
   388 | D:1      | Reached XP level 3. HP: 24/24 MP: 3/3
  1037 | D:2      | Reached XP level 4. HP: 29/29 MP: 4/4
  1112 | D:2      | Found a deep blue altar of Sif Muna.
  1239 | D:2      | Found a shimmering altar of Xom.
  1326 | D:2      | Reached skill level 8 in Slings
  1714 | D:3      | Reached XP level 5. HP: 34/34 MP: 5/5
  1910 | D:3      | Reached skill level 9 in Slings
  1997 | D:3      | Noticed feelmyfire's ghost (amateur HOSk)
  2014 | D:3      | Killed feelmyfire's ghost
  2014 | D:3      | Reached skill level 10 in Slings
  2014 | D:3      | Reached XP level 6. HP: 34/39 MP: 6/6
  2040 | D:3      | Found an opulent altar of Gozag.
  2243 | D:4      | Noticed Blork the orc
  2258 | D:4      | Killed Blork the orc
  2313 | D:4      | Noticed Grinder
  2321 | D:4      | Paralysed by Grinder for 7 turns
  2338 | D:4      | Killed Grinder
  2338 | D:4      | Reached skill level 11 in Slings
  2338 | D:4      | Reached XP level 7. HP: 22/44 MP: 7/7
  2365 | D:4      | Reached skill level 12 in Slings
  2367 | D:4      | Found a sacrificial altar of Ru.
  2410 | D:4      | Noticed melvinkitnick's ghost (amateur CeFi)
  2424 | D:4      | Killed melvinkitnick's ghost
  2424 | D:4      | Reached XP level 8. HP: 31/49 MP: 8/8
  2467 | D:4      | Reached skill level 13 in Slings
  2711 | D:4      | Reached skill level 14 in Slings
  2953 | D:4      | Noticed Ijyb
  2979 | D:4      | Killed Ijyb
  3254 | D:5      | Entered Level 5 of the Dungeon
  3323 | D:5      | Noticed Menkaure
  3334 | D:5      | Killed Menkaure
  3446 | D:5      | Reached XP level 9. HP: 31/59 MP: 9/9
  3567 | D:5      | Reached skill level 5 in Fighting
  4385 | D:6      | Found Acsint's Distillery.
  4398 | D:6      | Bought a potion of agility for 56 gold pieces
  4398 | D:6      | Bought a potion of lignification for 42 gold pieces
  4398 | D:6      | Bought a potion of curing for 42 gold pieces
  4414 | D:6      | Found a staircase to the Ecumenical Temple.
  4423 | Temple   | Entered the Ecumenical Temple
  4451 | Temple   | Became a worshipper of Warmaster Okawaru
  4498 | D:6      | Found a burning altar of Makhleb.
  4708 | D:6      | Found Iregacomp's Antique Armour Shoppe.
  5007 | D:6      | Found a hazy altar of Hepliaklqana.
  5128 | D:6      | Found Biohik's Jewellery Shop.
  5200 | D:6      | Found Xijysmop's Antique Weapon Emporium.
  5209 | D:6      | Bought a runed hunting sling for 112 gold pieces
  5501 | D:7      | Noticed a hippogriff
  5507 | D:7      | Killed a hippogriff
  5541 | D:7      | Found a white marble altar of Elyvilon.
  5544 | D:7      | Noticed a hippogriff
  5552 | D:7      | Killed a hippogriff
  5552 | D:7      | Reached * piety under Okawaru
  5632 | D:7      | Reached XP level 10. HP: 57/72 MP: 10/10
  5787 | D:7      | Found a sparkling altar of Nemelex Xobeh.
  6142 | D:7      | Reached skill level 1 in Invocations
  6217 | D:7      | Found a shattered altar of Ashenzari.
  6366 | D:7      | Found a stormy altar of Qazlal.
  6724 | D:8      | Found a radiant altar of Vehumet.
  6732 | D:8      | Noticed a four-headed hydra
  6742 | D:8      | Killed a four-headed hydra
  6742 | D:8      | Reached ** piety under Okawaru
  6858 | D:8      | Reached *** piety under Okawaru
  7094 | D:8      | Found a glowing silver altar of Zin.
  7321 | D:8      | Noticed a komodo dragon
  7341 | D:8      | Slain by a komodo dragon

Skill      XL: |  1  2  3  4  5  6  7  8  9 10 |
---------------+-------------------------------+-----
Slings         | 6 7 8 10 11 12 14 | 14.0
Fighting       | 4 8 9 |  9.0
Invocations    | 7 |  7.8
Dodging        | |  2.1
Stealth        | |  1.1

Action                   |  1- 3 |  4- 6 |  7- 9 | 10-12 || total
-------------------------+-------+-------+-------+-------++-------
 Fire: Hunting sling     |    83 |   158 |   376 |   223 ||   840
Invok: Heroism           |       |       |       |     2 ||     2
  Use: Scroll            |       |     4 |     6 |       ||    10
       Potion            |       |       |     5 |     1 ||     6
  Eat: Chunk             |       |     3 |     5 |     4 ||    12
       Ration            |       |       |     2 |       ||     2
Armor: Leather armour    |     3 |     5 |     9 |       ||    17
       Ring mail         |       |       |       |    13 ||    13
Dodge: Dodged            |    12 |    38 |    53 |    24 ||   127
Block: Other             |       |       |    14 |     3 ||    17
       Reflection        |       |       |       |     1 ||     1
